 Dungeon Crawl Stone Soup version 0.27.0-1-g7a089689b8 (webtiles) character file.

Game seed: 3702975282703398558

256 Crownlay the Chopper (level 6, 0/51 HPs)
             Began as a Hill Orc Fighter on Aug 16, 2021.
             Slain by a gnoll (5 damage)
             ... on level 4 of the Dungeon.
             The game lasted 00:04:21 (2833 turns).

Crownlay the Chopper (Hill Orc Fighter)             Turns: 2833, Time: 00:04:22

Health: 0/51       AC:  8    Str: 21    XL:     6   Next: 16%
Magic:  6/6        EV:  7    Int:  8    God:
Gold:   83         SH: 10    Dex: 10    Spells: 5/5 levels left

rFire    . . .     SeeInvis .   a - +0 war axe
rCold    . . .     Faith    .   c - +0 kite shield
rNeg     . . .     Spirit   .   b - +0 scale mail
rPois    .         Reflect  .   (no helmet)
rElec    .         Harm     .   (no cloak)
rCorr    .         Rampage  .   q - +0 pair of gloves
Will     .....                  (no boots)
Stlth    ..........             (no amulet)
HPRegen  0.17/turn              r - ring of flight
MPRegen  0.10/turn              (no ring)

@: mighty, flying
A: no striking features
a: no special abilities


You were on level 4 of the Dungeon.
You visited 1 branch of the dungeon, and saw 4 of its levels.

You collected 123 gold pieces.
You spent 40 gold pieces at shops.

Inventory:

Hand Weapons
 a - a +0 war axe (weapon)
Missiles
 n - 2 silver boomerangs (quivered)
Armour
 b - a +0 scale mail (worn)
 c - a +0 kite shield (worn)
 q - a +0 pair of gloves (worn)
Jewellery
 r - a ring of flight (left hand)
Scrolls
 e - 3 scrolls of identify
 h - a scroll of torment {unknown}
 j - a scroll of brand weapon {unknown}
 k - a scroll of teleportation {unknown}
 l - a scroll of enchant armour {unknown}
 p - a scroll of magic mapping {unknown}
Potions
 f - a potion of haste
 g - 3 potions of flight
 i - 2 potions of curing {unknown}
 m - 2 potions of heal wounds {unknown}
 o - a potion of attraction {unknown}


   Skills:
 - Level 3.6 Fighting
 * Level 6.9 Axes
 - Level 3.2 Armour
 + Level 5.0 Shields


You had 5 spell levels left.
You didn't know any spells.
Your spell library was empty.

Dungeon Overview and Level Annotations

Branches:
Dungeon (4/15)
 Temple: D:4-7

Altars:
Vehumet

Shops:
D:1 *


Message History

You slash the ogre!
The ogre is severely wounded.
The ogre hits you with a +0 giant club!
You slash the ogre!
You kill the ogre!
The gnoll shaman hits you with a +0 club!
* * * LOW HITPOINT WARNING * * *
Your Axes skill increases to level 6!
You have reached level 6!
Your experience leads to an increase in your attributes!
Increase (S)trength, (I)ntelligence, or (D)exterity?
You feel stronger.
You slash the gnoll shaman!
The gnoll shaman is heavily wounded.
The gnoll hits you but does no damage. The gnoll shaman barely misses you.
The gnoll barely misses you.
Unknown command.
Unknown command.
Okay, then.
You hit the gnoll shaman.
The gnoll shaman is severely wounded.
You block the gnoll shaman's attack. You block the gnoll's attack.
You slice the gnoll shaman!!
You kill the gnoll shaman!
The gnoll hits you from afar with a +0 spear.
* * * LOW HITPOINT WARNING * * *
Your Shields skill increases to level 5!
The gnoll hits you but does no damage.
Items here: ))) [ ††.
You closely miss the gnoll. The gnoll completely misses you.
The gnoll hits you but does no damage.
You slash the gnoll!
The gnoll is heavily wounded.
The gnoll hits you with a +0 spear.
* * * LOW HITPOINT WARNING * * *
You slash the gnoll!
You kill the gnoll!
You block the bullfrog skeleton's attack.
The gnoll hits you with a +0 whip.
You die...

#.......# #.... #......##
.... #......# #.. #.....###
#.. #......)###### #..
#............###..
#.#..........##...
#Z#.#........##...
#@#.#.............
#g#.#........##...
########g#.#........##...
..........g.#.........#...
#........>..##.............
#...........############...
#...........############.#.
#..........................
#..........#...............


You could see 3 gnolls and a bullfrog skeleton.

Vanquished Creatures
  An ogre (D:4)
  A gnoll shaman (D:4)
  An orc wizard (D:3)
  2 gnolls (D:4)
  2 adders (D:3)
  3 worms
  3 dart slugs
  9 orcs
  9 endoplasms
  3 giant cockroaches
  8 goblins
  3 hobgoblins
  5 kobolds
  A quokka (D:2)
  4 ball pythons
  6 bats
  2 frilled lizards
  5 rats
68 creatures vanquished.

Notes
Turn   | Place    | Note
-------+----------+-------------------------------------------
     0 | D:1      | Crownlay the Hill Orc Fighter began the quest for the Orb.
     0 | D:1      | Reached XP level 1. HP: 19/19 MP: 1/1
    81 | D:1      | Reached skill level 3 in Axes
   127 | D:1      | Found Usuichun's General Store.
   156 | D:1      | Reached XP level 2. HP: 22/26 MP: 2/2
   972 | D:1      | Reached skill level 4 in Axes
  1070 | D:1      | Bought a scroll of identify for 20 gold pieces
  1070 | D:1      | Bought a scroll of identify for 20 gold pieces
  1105 | D:2      | Reached XP level 3. HP: 29/31 MP: 3/3
  1807 | D:3      | Found a faded altar of an unknown god.
  1857 | D:3      | Reached XP level 4. HP: 35/39 MP: 4/4
  1892 | D:3      | Reached skill level 5 in Axes
  2325 | D:3      | Found a radiant altar of Vehumet.
  2353 | D:3      | You fall into a shaft and drop 1 floor!
  2364 | D:4      | Reached XP level 5. HP: 45/45 MP: 5/5
  2796 | D:4      | Noticed an ogre
  2826 | D:4      | Killed an ogre
  2827 | D:4      | Reached skill level 6 in Axes
  2827 | D:4      | Reached XP level 6. HP: 10/51 MP: 6/6
  2830 | D:4      | Reached skill level 5 in Shields
  2833 | D:4      | Slain by a gnoll

Illustrated notes

Levels and vault maps discovered:
D:1:      dpeg_arrival_simpleton_a, layout_basic, serial_shops,
          nicolae_shop_waterfront
D:2:      layout_rooms
D:3:      layout_rooms, vehumet_crystals, basic_ecumenical_altar, minivault_4
D:4:      layout_rooms, cheibrodos_gnoll_hut

Skill      XL: |  1  2  3  4  5  6 |
---------------+-------------------+-----
Axes           | 3 4 5 6 |  6.9
Shields        | 4 5 |  5.0
Fighting       | |  3.6
Armour         | |  3.2

Action                   |  1- 3 |  4- 6 || total
-------------------------+-------+-------++-------
Melee: War axe           |   107 |    93 ||   200
Throw: Boomerang         |       |     5 ||     5
  Use: Scroll            |     2 |       ||     2
       Potion            |       |     1 ||     1
Armor: Scale mail        |    47 |    43 ||    90
Dodge: Dodged            |    32 |    28 ||    60
Block: Kite shield       |    60 |    63 ||   123
